AoeStats
← THL

MegaRandom

506356833Analyzed
1v1 RM · 20d ago on Sep 13, 2026· 26m 21s· 2 players
Game mode
Random Map
Map size
Tiny (2 player)
Population
200
Speed
Normal
Resources
Standard
Victory
Conquest
Starting age
Dark Age
Ending age
Imperial Age
RankedLock teamsTeams togetherTeam positionsShared explorationLock speedFull tech treeHidden civsTurbo modeCheats
Victory
Defeat
🇩🇪 Italians · Germany
2078
+6
🇻🇳 Tatars · Vietnam
1840
-6
THL
7:18 Loom
9:52 Feudal Age
17:57 Castle Age
16:52 Double-Bit Axe
21:34 Fletching
25:44 Wheelbarrow
25:59 Bodkin Arrow
FelixAldi
7:42 Loom
9:56 Feudal Age
10:25 Double-Bit Axe
19:11 Castle Age
17:57 Fishing Lines
20:08 Bow Saw
20:11 Gillnets
21:27 Fletching
22:05 Bodkin Arrow
24:30 Padded Archer Armor
24:16 Horse Collar
25:37 Heavy Plow
Connection lost

Rejoining the realm…

Still unreachable

The connection could not be restored.

Session expired

The server has moved on; the page needs a fresh start.